cohdb
Replays
Latest Replays
All Replays
Popular Replays
Top Player Replays
Match Explorer
How It Works
Community
CoH3 Stats
Reddit
Sign in to upload your games and track your stats! →
Sign in with Steam
Match 42250834
Unlisted
Match 42250834
Overview
Messages
Build Orders
End
Panzergrenadier Squad
Selects Panzerjäger Kommand Battlegroup
Selects Blockade Equipment
Panzergrenadier Squad
Panzergrenadier Squad
Construct Light Support Kompanie
250 Light Carrier
Construct Light Support Kompanie
2.5-tonne Medical Truck
Panzergrenadier Squad
Fire Support Elements
Selects GrB 39 Grenade Launcher Requisition
le.IG 18 Mechanized Group
Construct Panzerarmee Kommand
Veteran Squad Leaders
Selects Crew Shock Tactics
Walking Stuka Rocket Launcher
Flak 36 Anti-tank Gun Team
le.IG 18 Support Gun Team
Flak 36 Anti-tank Gun Team
Assault Mechanized Group
TheLolkPlays
ARchey
Escobar
appry
Colonel Phreeze
DieOuweBaas
0
0
Comments
sign in to comment!
No comments posted yet!